 Dungeon Crawl Stone Soup version 0.30-a0-715-gdb4ae3ece1 (webtiles) character file.

Game seed: 14126144613399513741

392 demibob the Cleaver (level 6, -2/51 HPs)
             Began as a Hill Orc Fighter on Jan 25, 2023.
             Was a Believer of Uskayaw.
             Slain by a wyvern (13 damage)
             ... on level 4 of the Dungeon.
             The game lasted 00:05:21 (3924 turns).

demibob the Cleaver (Hill Orc Fighter)              Turns: 3924, Time: 00:05:22

Health: -2/51      AC:  8    Str: 21    XL:     6   Next: 80%
Magic:  6/6        EV:  9    Int:  8    God:    Uskayaw [**....]
Gold:   96         SH:  0    Dex: 10    Spells: 5/5 levels left

rFire   . . .      SeeInvis .    a - +0 war axe
rCold   . . .      Faith    .    (no shield)
rNeg    . . .      Spirit   .    b - +0 scale mail
rPois   .          Reflect  .    (no helmet)
rElec   .          Harm     .    f - +0 cloak
rCorr   .          Rampage  .    (no gloves)
Will    ++...                    (no boots) Stlth
                                 (no amulet)
HPRegen 0.28/turn                W - ring of willpower
MPRegen 0.10/turn                w - ring of willpower

@: no status effects
A: no striking features
a: Renounce Religion, Stomp, Line Pass


You were on level 4 of the Dungeon.
You worshipped Uskayaw.
Uskayaw was noncommittal.
You visited 1 branch of the dungeon, and saw 5 of its levels.

You collected 213 gold pieces.
You spent 117 gold pieces at shops.


   Skills:
 - Level 3.6 Fighting
 + Level 9.3 Axes
 - Level 3.2 Armour
 - Level 3.2 Shields


You had 5 spell levels left.
You didn't know any spells.
Your spell library was empty.

Inventory:

Hand Weapons
 a - a +0 war axe (weapon)
Armour
 b - a +0 scale mail (worn)
 f - a +0 cloak (worn)
 l - a +0 helmet
 o - a +0 hat
Jewellery
 w - a ring of willpower (right hand)
 W - a ring of willpower (left hand)
Scrolls
 c - a scroll of fog
 i - a scroll of identify {@r1}
 j - 4 scrolls of teleportation {@r2}
 n - a scroll of summoning
Potions
 d - a potion of might
 e - a potion of brilliance
 g - a potion of ambrosia
 h - a potion of flight
 k - a potion of degeneration

Dungeon Overview and Level Annotations

Branches:
Dungeon (5/15)
 Temple: D:4-7

Altars:
Fedhas
Hepliaklqana
Qazlal
Trog
Uskayaw
Yredelemnul

Shops:
D:2 ??

Annotations:
D:4 1 runed translucent door, Crazy Yiuf

#.##............# #......#
#.#########.....# ####.......
#.# #.....# #.......... #.#
#.....# ####.###......
#.#########.....# #............(
#.##............###.##.##.......
#.##.#####..........##..........
#.##.# #.###############......
#.##.# #.# #@............#...
#.##.# ##.# #.l..########.#..#
#.##.####..## #..#.## #.....#..#
#.#.........# ##.#..###.###.....
#.#.###....## ##..#..##.# #.....
#.#.# #....# #......<#.###.....
#.#.# ♣P...♣ ###...............
#.#.# ♣.PP♣♣ #..........##.....
#.### ♣♣.♣♣ #..........##.....


You could see a wyvern.


Message History

You barely miss the wyvern.
The wyvern is moderately wounded.
You hit the orc. The orc hits you with a +0 flail.
The wyvern barely misses you.
You slash the orc!
You kill the orc!
You hit the wyvern. The wyvern barely misses you.
The orc priest mumbles some strange prayers to Beogh against you.
Beogh smites you!
* * * LOW HITPOINT WARNING * * *
An orc comes into view. It is wielding a +0 hand axe.
The wyvern closely misses you.
You can now pass through a line of other dancers.
You are too injured to fight recklessly!
You are too injured to fight recklessly!
You are too injured to fight recklessly!
The wyvern bites you!
* * * LOW HITPOINT WARNING * * *
The orc priest shouts, "Surrender to Beogh and we'll let you live!"
You climb upwards.
Level annotation: 1 runed translucent door, Crazy Yiuf
There is a stone staircase leading down here.
You hit the wyvern.
The wyvern is heavily wounded.
The wyvern closely misses you.
The wyvern bites you but does no damage.
You barely miss the wyvern.
The wyvern is heavily wounded.
The wyvern bites you!
You die...

Skill      XL: |  1  2  3  4  5  6 |
---------------+-------------------+-----
Axes           | 3 4 5 6 8 9 |  9.3
Fighting       | |  3.6
Armour         | |  3.2
Shields        | |  3.2

Action                     |  1- 3 |  4- 6 || total
---------------------------+-------+-------++-------
  Melee: War axe           |    57 |   194 ||   251
         Punch             |       |     1 ||     1
    Use: Scroll            |     2 |     6 ||     8
         Potion            |       |     3 ||     3
   Stab: Paralysed         |       |     5 ||     5
 Armour: Scale mail        |    35 |   110 ||   145
  Dodge: Dodged            |    32 |   115 ||   147

Levels and vault maps discovered:
D:1:      heliophobic_arrival_enchanted_forest, layout_loops_ring,
          minmay_misc_feat_nine_boxes, minmay_pentomino_u2
D:2:      layout_rooms, basic_ecumenical_altar, serial_shops,
          nicolae_square_shop, shop, minmay_goblin_kobold_house
D:3:      kennysheep_goblin_castle, layout_loops_cross,
          grunt_temple_overflow_forces_of_nature, nicolae_uskayaw_dance_hall,
          hex_large, minmay_misc_feat_encased, uniq_jessica
D:4:      layout_basic, nicolae_hepliaklqana_hazy_memory,
          mainiacjoe_overflow_catwalk_spiral, kennysheep_small_circle,
          uniq_crazy_yiuf_cottage
D:5:      layout_gridville, minmay_temple_entry_tees

Notes
Turn   | Place    | Note
-------+----------+-------------------------------------------
     0 | D:1      | demibob the Hill Orc Fighter began the quest for the Orb.
     0 | D:1      | Reached XP level 1. HP: 19/19 MP: 1/1
    28 | D:1      | Reached skill level 3 in Axes
   120 | D:1      | Reached XP level 2. HP: 22/26 MP: 2/2
   264 | D:1      | Reached skill level 4 in Axes
   281 | D:1      | Reached XP level 3. HP: 31/31 MP: 3/3
   743 | D:2      | Reached skill level 5 in Axes
   959 | D:2      | Reached XP level 4. HP: 39/39 MP: 4/4
  1138 | D:2      | Reached skill level 6 in Axes
  1421 | D:2      | Found a faded altar of an unknown god.
  1473 | D:2      | Found Hekhlal's Magic Scroll Shoppe.
  1545 | D:2      | Bought a scroll of summoning for 95 gold pieces
  1655 | D:2      | Found Plog's Magic Scroll Shop.
  1662 | D:2      | Bought a scroll of identify for 22 gold pieces
  1758 | D:3      | Found a stormy altar of Qazlal.
  1764 | D:3      | Found a blossoming altar of Fedhas.
  1774 | D:3      | Reached XP level 5. HP: 45/45 MP: 5/5
  1913 | D:3      | Found a hide-covered altar of Uskayaw.
  1928 | D:3      | Became a worshipper of Uskayaw the Reveller
  2022 | D:3      | Noticed Jessica
  2027 | D:3      | Killed Jessica
  2027 | D:3      | Reached * piety under Uskayaw
  2028 | D:3      | Reached skill level 7 in Axes
  2104 | D:3      | Reached ** piety under Uskayaw
  2165 | D:3      | Noticed Robin
  2174 | D:3      | Reached *** piety under Uskayaw
  2175 | D:3      | Killed Robin
  2539 | D:3      | Reached skill level 8 in Axes
  2539 | D:3      | Reached XP level 6. HP: 28/50 MP: 6/6
  3031 | D:4      | Found a hazy altar of Hepliaklqana.
  3200 | D:4      | Found a bloodstained altar of Trog.
  3211 | D:4      | Reached skill level 9 in Axes
  3219 | D:4      | Reached **** piety under Uskayaw
  3277 | D:4      | Found a basalt altar of Yredelemnul.
  3715 | D:4      | Found a runed translucent door.
  3716 | D:4      | Noticed Crazy Yiuf
  3912 | D:5      | Entered Level 5 of the Dungeon
  3912 | D:5      | Noticed a wyvern
  3924 | D:4      | Slain by a wyvern

Vanquished Creatures
  A scorpion (D:4)
  A hound (D:4)
  Jessica (D:3)
  An orc wizard (D:4)
  Robin (D:3)
  3 gnolls (D:2)
  8 adders
  3 worms
  2 dart slugs (D:1)
  16 orcs
  A bat (D:2)
  6 endoplasms
  5 giant cockroaches
  17 goblins
  5 hobgoblins
  12 jackals
  7 kobolds
  5 quokkas
  5 ball pythons
  3 frilled lizards
  4 rats
107 creatures vanquished.

Vanquished Creatures (others)
  4 plants (D:4)
4 creatures vanquished.

Grand Total: 111 creatures vanquished

Table legend: (Time is in decaauts)
 A = Elapsed time spent in this place.
 B = Non-inter-level travel time spent in this place.
 C = Inter-level travel time spent in this place.
 D = Time resting spent in this place.
 E = Time spent auto-exploring this place.
 F = Levels seen in this place.
 G = Mean time per level.
                   A        B        C        D        E       F      G
               +--------+--------+--------+--------+--------+-----+--------+
         Total |   3946 |   3851 |     95 |    364 |   2854 |   5 |  789.2 |
       Dungeon |   3946 |   3851 |     95 |    364 |   2854 |   5 |  789.2 |
               +--------+--------+--------+--------+--------+-----+--------+

Top non-repeatable levels by time:
     D:3: 1112 daAuts
     D:4: 1059 daAuts
     D:2: 917 daAuts
     D:1: 848 daAuts
     D:5: 8 daAuts

Table legend:
 A = Non-vault XP
 B = Vault XP
 C = Vault XP percentage of total XP
 D = Non-vault monster count
 E = Vault monster count
 F = Vault count percentage of total count
                 A         B        C        D         E       F
            +---------+---------+-------+---------+---------+-------
      Total |     462 |      98 |  17.5 |      82 |      25 |  23.4
            +---------+---------+-------+---------+---------+-------
        D:1 |      46 |       2 |   4.2 |      24 |       1 |   4.0
        D:2 |     113 |       2 |   1.7 |      21 |       1 |   4.5
        D:3 |      69 |      90 |  56.6 |      15 |      21 |  58.3
        D:4 |     231 |       4 |   1.7 |      21 |       2 |   8.7
        D:5 |       3 |       0 |   0.0 |       1 |       0 |   0.0
            +---------+---------+-------+---------+---------+-------
